 Dungeon Crawl Stone Soup version 0.28.0-53-g5a82cb258f (webtiles) character file.

Game seed: 10925797420112809469

465 Peloso the Slasher (level 6, -2/56 HPs)
             Began as a Minotaur Fighter on May 28, 2022.
             Slain by an ogre
             ... wielding a +0 giant club
              (18 damage)
             ... on level 3 of the Dungeon.
             The game lasted 00:04:33 (3436 turns).

Peloso the Slasher (Minotaur Fighter)               Turns: 3436, Time: 00:04:34

Health: -2/56      AC:  9    Str: 24    XL:     6   Next: 80%
Magic:  5/5        EV:  8    Int:  5    God:
Gold:   51         SH:  5    Dex: 12    Spells: 5/5 levels left

rFire   . . .      SeeInvis .   a - +0 long sword
rCold   . . .      Faith    .   c - +0 buckler
rNeg    . . .      Spirit   .   u - +0 chain mail
rPois   .          Reflect  .   (helmet restricted)
rElec   .          Harm     .   w - -3 cloak of Rakut {Str+4}
rCorr   .          Rampage  .   i - +0 pair of gloves
Will    .....                   (no boots)
Stlth   ..........              (no amulet)
HPRegen 0.18/turn               (no ring)
MPRegen 0.09/turn               (no ring)

@: no status effects
A: horns 2, retaliatory headbutt
a: no special abilities


You were on level 3 of the Dungeon.
You visited 1 branch of the dungeon, and saw 3 of its levels.

You collected 51 gold pieces.

Inventory:

Hand Weapons
 a - a +0 long sword (weapon)
 b - a +0 whip of flaming
Missiles
 e - 2 throwing nets (quivered)
Armour
 c - a +0 buckler (worn)
 i - a +0 pair of gloves (worn)
 u - a +0 chain mail (worn)
 w - the -3 cloak of Rakut (worn) {Str+4}
   (You found it on level 3 of the Dungeon)

   Str:       It affects your strength (+4).
Jewellery
 m - a ring of protection from fire
Wands
 l - a wand of flame (11)
 q - a wand of polymorph (3)
Scrolls
 f - 2 scrolls of immolation {unknown}
 g - a scroll of noise {unknown}
 h - a scroll of fear {unknown}
 k - a scroll of summoning {unknown}
 n - a scroll of silence {unknown}
 o - a scroll of magic mapping {unknown}
 r - a scroll of enchant armour {unknown}
 t - a scroll of fog {unknown}
Potions
 d - a potion of might
 j - 3 potions of curing
 p - a potion of heal wounds
 s - 2 potions of flight {unknown}
 v - a potion of brilliance


   Skills:
 + Level 5.0 Fighting
 + Level 5.7 Long Blades
 + Level 5.5 Armour
 + Level 1.5 Dodging
 + Level 0.4 Stealth
 + Level 4.7 Shields
 + Level 0.1 Unarmed Combat


You had 5 spell levels left.
You didn't know any spells.
Your spell library was empty.

Dungeon Overview and Level Annotations

Branches:
Dungeon (3/15)

Altars:

Shops:
D:2 [


Innate Abilities, Weirdness & Mutations

You have a pair of horns on your head.
You reflexively headbutt those who attack you in melee.


Message History

The rat twitches its whiskers.
The rat bites you but does no damage.
You see here an adder corpse.
You hit the rat.
You kill the rat!
An ogre and an endoplasm come into view.
Found 18 stones.
The endoplasm quivers.
The ogre moves out of view.
An endoplasm is nearby!
An endoplasm is nearby!
Found a scroll of identify.
The endoplasm freezes you.
You are frozen.
You slash the endoplasm!
You kill the endoplasm!
You slash the ogre! You headbutt the ogre.
The ogre is moderately wounded.
The ogre completely misses you.
You hit the ogre. Your headbutt misses the ogre.
The ogre is heavily wounded.
The ogre barely misses you.
You hit the ogre.
The ogre is severely wounded.
You block the ogre's attack.
You barely miss the ogre.
The ogre is severely wounded.
The ogre hits you with a +0 giant club!
You barely miss the ogre. You headbutt the ogre.
The ogre is severely wounded.
You barely miss the ogre. You headbutt the ogre.
The ogre is almost dead.
The ogre hits you with a +0 giant club!!
Ouch! That really hurt!
* * * LOW HITPOINT WARNING * * *
You hear a shout!
You hit the ogre but do no damage.
The ogre is almost dead.
The ogre hits you with a +0 giant club!!
You die...

#### #.#.#.#
#......####### ...#
#.#.#.# ####.#.#
.#.###.#.#.# #.#.#
.#.....#.#.#
.#######.#.########
.#
.........###......##
.#.#
##########.........##
.#.#
..(........###.#.#
#####
......O@...#.....#
#....
..###.#....'.....#
#..## .. #...†#.....#
#..#. #? #....#.....#
#..#) # #....##.##.#
#..## #...###[##.#
#.... .....# #.##.#
#.... .....## #.##.#
#.... .....# #.##.#
#.##+


You could see an ogre.

Vanquished Creatures
  Sigmund (D:3)
  A hound (D:3)
  Ijyb (D:3)
  Jessica (D:2)
  Natasha (thrice) (D:2)
  An iguana (D:2)
  Robin (D:2)
  2 adders
  4 worms
  A dart slug (D:1)
  An orc (D:3)
  5 bats
  6 endoplasms
  5 giant cockroaches
  13 goblins
  10 hobgoblins
  A jackal (D:3)
  13 kobolds
  3 quokkas
  3 ball pythons
  3 frilled lizards
  2 rats
81 creatures vanquished.

Vanquished Creatures (others)
  A goblin (D:2)
  A plant (D:1)
2 creatures vanquished.

Grand Total: 83 creatures vanquished

Notes
Turn   | Place    | Note
-------+----------+-------------------------------------------
     0 | D:1      | Peloso the Minotaur Fighter began the quest for the Orb.
     0 | D:1      | Reached XP level 1. HP: 19/19 MP: 0/0
   137 | D:1      | Reached XP level 2. HP: 27/27 MP: 1/1
   567 | D:1      | Reached XP level 3. HP: 33/33 MP: 2/2
  1001 | D:2      | Noticed Jessica
  1013 | D:2      | Killed Jessica
  1206 | D:2      | Noticed Robin
  1222 | D:2      | Reached XP level 4. HP: 24/41 MP: 3/3
  1241 | D:2      | Killed Robin
  1577 | D:2      | Found Azeuxo's Armour Shop.
  1836 | D:2      | Noticed Natasha
  1841 | D:2      | Killed Natasha
  1842 | D:2      | Reached XP level 5. HP: 41/47 MP: 4/4
  2074 | D:2      | Noticed Natasha
  2078 | D:2      | Killed Natasha
  2079 | D:2      | Reached skill level 5 in Armour
  2079 | D:2      | Reached skill level 1 in Dodging
  2218 | D:2      | Noticed Natasha
  2224 | D:2      | Killed Natasha
  2409 | D:3      | Noticed Ijyb
  2428 | D:3      | Killed Ijyb
  2429 | D:3      | Reached XP level 6. HP: 44/53 MP: 5/5
  2727 | D:3      | Noticed Sigmund
  2759 | D:3      | Killed Sigmund
  2760 | D:3      | Reached skill level 5 in Long Blades
  3328 | D:3      | Identified the -3 cloak of Rakut {Str+4}
  3406 | D:3      | Reached skill level 5 in Fighting
  3436 | D:3      | Slain by an ogre

Illustrated notes

Levels and vault maps discovered:
D:1:      dpeg_arrival_rhombus, layout_loops_ring, serial_forest,
          infiniplex_forest_clump_small, infiniplex_forest_straight_5,
          infiniplex_forest_pool, infiniplex_forest_straight_4,
          infiniplex_forest_lined_3_way, glass_columns_a
D:2:      layout_basic, serial_shops, nicolae_shop_crystal, uniq_jessica,
          uniq_natasha, uniq_robin
D:3:      corexii_shack_village, layout_basic, minmay_misc_feat_diagonals,
          minivault_14, st_stairs_3, kennysheep_potato, uniq_ijyb, uniq_sigmund,
          uniq_crazy_yiuf_cottage

Skill      XL: |  1  2  3  4  5  6 |
---------------+-------------------+-----
Fighting       | 4 5 |  5.0
Armour         | 4 5 |  5.5
Shields        | 4 |  4.7
Long Blades    | 3 4 5 |  5.7
Dodging        | 1 |  1.5
Stealth        | |  0.4
Unarmed Combat | |  0.1

Action                   |  1- 3 |  4- 6 || total
-------------------------+-------+-------++-------
Melee: Long sword        |    89 |   125 ||   214
       Headbutt          |    10 |    19 ||    29
       Unarmed           |       |     3 ||     3
Evoke: Wand              |       |     1 ||     1
  Use: Scroll            |       |     3 ||     3
       Potion            |       |     1 ||     1
Armor: Scale mail        |    51 |    37 ||    88
       Chain mail        |       |    16 ||    16
Dodge: Dodged            |    45 |    49 ||    94
Block: Buckler           |    18 |    21 ||    39
